 Dungeon Crawl Stone Soup version 0.18.1-47-g9310371 (console) character file.

2263 Kloppie the Basher (level 9, -10/101 HPs)
             Began as an Ogre Berserker on June 22, 2016.
             Was an Elder of Trog.
             Shot with an arrow by a centaur (17 damage)
             ... on level 6 of the Dungeon.
             The game lasted 00:10:04 (5869 turns).

Kloppie the Basher (Ogre Berserker)                 Turns: 5869, Time: 00:10:05

Health: -10/101    AC:  9    Str: 22    XL:     9   Next: 38%
Magic:  9/9        EV: 13    Int:  6    God:    Trog [****..]
Gold:   318        SH:  2    Dex: 12    Spells: 0 memorised, 8 levels left

rFire  . . .     SeeInvis .     a - +2 whip (elec)
rCold  . . .     Gourm    .     b - +1 animal skin
rNeg   . . .     Faith    .     (no shield)
rPois  .         Spirit   .     (helmet restricted)
rElec  .         Dismiss  .     (no cloak)
rCorr  .         Reflect  .     (gloves unavailable)
SustAt .         Harm     .     (boots unavailable)
MR     .....                    (no amulet)
Stlth  +.........               n - -2 ring of strength (curse)
                                o - +3 ring of protection

@: not resistant to hostile enchantments, very unstealthy
A: unfitting armour, large bone plates 1, tough skin 1
a: Berserk, Trog's Hand, Brothers in Arms, Burn Spellbooks, Renounce Religion


You were on level 6 of the Dungeon.
You worshipped Trog.
Trog was greatly pleased with you.
You were not hungry.

You visited 1 branch of the dungeon, and saw 6 of its levels.

You collected 318 gold pieces.

Inventory:

Hand Weapons
 a - a +2 whip of electrocution (weapon)
 x - a +0 giant club
 y - a +0 mace
 z - a +0 giant spiked club
 A - a +0 flail
 C - a +0 whip of freezing
 D - a +2 dire flail of protection
Armour
 b - a +1 animal skin (worn)
Jewellery
 e - a +5 ring of strength
 h - an uncursed ring of poison resistance
 l - an uncursed ring of sustain attributes {unknown}
 n - a cursed -2 ring of strength (right hand)
 o - a +3 ring of protection (left hand)
Wands
 q - a wand of flame (26/48)
 B - a wand of random effects (29/48)
Scrolls
 g - a scroll of teleportation
 k - a scroll of enchant armour
Potions
 f - a potion of flight {unknown}
 i - a potion of agility
 j - a potion of might
 m - a potion of berserk rage {unknown}
 r - 2 potions of haste
 s - 7 potions of heal wounds
 t - a potion of invisibility
Comestibles
 c - 7 bread rations
 d - 4 meat rations
 p - 3 beef jerkies
 u - a royal jelly
 v - a slice of pizza


   Skills:
 + Level 10.0 Fighting
 + Level 10.1 Maces & Flails
 + Level 6.9 Dodging


You had 8 spell levels left.
You didn't know any spells.

Dungeon Overview and Level Annotations

Branches:
Dungeon (6/15)             Temple (0/1) D:6

Altars:
Ashenzari
Cheibriados
Dithmenos
Fedhas
Gozag
Okawaru
Qazlal

Shops:
D:6 %


Innate Abilities, Weirdness & Mutations

You are too large for most types of armour.
You have tough skin (AC +1).
You are partially covered in large bone plates (AC +2, SH +2).


Message History

The centaur shoots an arrow.
The arrow barely misses you.
The centaur shoots an arrow.
The arrow closely misses you.
The centaur shoots an arrow.
The arrow hits you!
The centaur shoots an arrow.
The arrow hits you.
The centaur shoots an arrow.
The arrow hits you but does no damage.
You see here 4 arrows.
The centaur shouts!
The centaur shoots an arrow.
The arrow hits you!
* * * LOW HITPOINT WARNING * * *
The centaur shoots an arrow.
The arrow hits you.
* * * LOW HITPOINT WARNING * * *
The centaur shoots an arrow.
The arrow hits you!
* * * LOW HITPOINT WARNING * * *
The centaur shoots an arrow.
The arrow hits you!
* * * LOW HITPOINT WARNING * * *
The centaur shoots an arrow.
The arrow hits you.
* * * LOW HITPOINT WARNING * * *
You see here 4 arrows.
The centaur shoots an arrow.
The arrow hits you!
You die...

##### #.......# #.#
##...############.# #.#
#....'.......# #.# #.#
#########....#######.# #.# #.#
................#
#.####.####.#
............(>#.#
#......##...#
..............#.#
#########.###
.########.#+#+#+## #.#
...######.......@# #.#
........#.......(###########.#
##.####.#.......(#((.........#
#.# #.#..≈≈≈≈..(.###########
#.# #.#.≈≈≈≈≈≈≈≈.# #.#
≈≈≈≈≈≈≈≈≈≈≈≈≈≈≈ #.≈
≈≈≈≈≈≈≈≈≈≈≈≈≈≈≈≈≈ #≈≈
≈≈≈≈≈≈≈≈≈≈cc≈≈≈≈≈≈≈≈
.#≈≈≈≈≈≈≈≈≈≈≈.c.ccc≈≈≈≈≈≈


You could see 2 centaurs.

Vanquished Creatures
  Pikel (D:6)
  The ghost of Kloppie the Slasher, an amateur DgFi (D:4)
  Sigmund (D:3)
  2 orc warriors (D:6)
  A slave (D:6)
  A sky beast (D:6)
  An ice beast (D:5)
  2 ogres (D:4)
  A giant frog (D:6)
  Blork the orc (D:6)
  A scorpion (D:4)
  A howler monkey (D:5)
  3 orc priests
  An iguana (D:6)
  6 orc wizards
  3 worker ants
  4 gnolls (D:5)
  13 adders
  A shadow imp (D:5)
  2 oozes
  2 adder skeletons (D:4)
  3 worms
  2 dart slugs
  5 giant geckos
  28 orcs
  3 ball pythons
  8 bats
  4 giant cockroaches
  9 goblins
  11 hobgoblins
  4 jackals (D:1)
  9 kobolds
  2 quokkas
  5 giant newts
  A jackal skeleton (D:6)
  2 rats
145 creatures vanquished.

Vanquished Creatures (others)
  A centaur (D:6)
  A rat (D:2)
2 creatures vanquished.

Grand Total: 147 creatures vanquished

Notes
Turn   | Place    | Note
--------------------------------------------------------------
     0 | D:1      | Kloppie the Ogre Berserker began the quest for the Orb.
     0 | D:1      | Reached XP level 1. HP: 24/24 MP: 1/1
   103 | D:1      | Reached XP level 2. HP: 32/32 MP: 2/2
   295 | D:1      | Reached XP level 3. HP: 34/40 MP: 3/3
   454 | D:1      | Reached ** piety under Trog
   719 | D:2      | Reached skill level 5 in Fighting
   870 | D:2      | Reached XP level 4. HP: 36/50 MP: 4/4
  1166 | D:2      | Reached skill level 5 in Maces & Flails
  1314 | D:2      | Found a stormy altar of Qazlal.
  1552 | D:3      | Reached XP level 5. HP: 33/57 MP: 5/5
  2049 | D:3      | Noticed Sigmund
  2059 | D:3      | Killed Sigmund
  2059 | D:3      | Reached XP level 6. HP: 67/67 MP: 6/6
  2327 | D:3      | Reached *** piety under Trog
  2429 | D:3      | Found a blossoming altar of Fedhas.
  2994 | D:3      | Reached XP level 7. HP: 57/76 MP: 7/7
  3382 | D:4      | Noticed Kloppie's ghost (amateur DgFi)
  3390 | D:4      | Killed Kloppie's ghost
  3390 | D:4      | Reached skill level 5 in Dodging
  3390 | D:4      | Reached XP level 8. HP: 88/88 MP: 8/8
  3940 | D:4      | Gained mutation: You are weak. (Str -2) [potion of mutation]
  3940 | D:4      | Gained mutation: You have large cloven feet. [potion of mutation]
  3940 | D:4      | Gained mutation: You are partially covered in large bone plates (AC +2, SH +2). [potion of mutation]
  4071 | D:4      | Reached **** piety under Trog
  4222 | D:4      | Found an opulent altar of Gozag.
  4231 | D:4      | Gained mutation: Your body sometimes deteriorates upon taking damage. [potion of mutation]
  4231 | D:4      | Gained mutation: You are dopey. (Int -2) [potion of mutation]
  4231 | D:4      | Gained mutation: You are surrounded by a mild repulsion field (EV +2). [potion of mutation]
  4232 | D:4      | Lost mutation: You are weak. (Str -2) [potion of cure mutation]
  4232 | D:4      | Lost mutation: You have large cloven feet. [potion of cure mutation]
  4232 | D:4      | Lost mutation: You are surrounded by a mild repulsion field (EV +2). [potion of cure mutation]
  4232 | D:4      | Lost mutation: Your body sometimes deteriorates upon taking damage. [potion of cure mutation]
  4232 | D:4      | Lost mutation: You are dopey. (Int -2) [potion of cure mutation]
  4342 | D:5      | Entered Level 5 of the Dungeon
  4575 | D:5      | Received a gift from Trog
  4863 | D:5      | Found a shattered altar of Ashenzari.
  5091 | D:6      | Found Muc Kole's Food Shop.
  5134 | D:6      | Noticed Blork the orc
  5144 | D:6      | Killed Blork the orc
  5236 | D:6      | Noticed Pikel
  5257 | D:6      | Killed Pikel
  5257 | D:6      | Reached XP level 9. HP: 101/101 MP: 9/9
  5400 | D:6      | Found a snail-covered altar of Cheibriados.
  5474 | D:6      | Found a staircase to the Ecumenical Temple.
  5553 | D:6      | Reached skill level 10 in Maces & Flails
  5554 | D:6      | Reached skill level 10 in Fighting
  5594 | D:6      | Found a shadowy altar of Dithmenos.
  5594 | D:6      | Found an iron altar of Okawaru.
  5869 | D:6      | Shot with an arrow by a centaur

Skill      XL: |  1  2  3  4  5  6  7  8  9 |
---------------+----------------------------+-----
Fighting       | 5 6 7 9 10 | 10.0
Dodging        | 3 4 5 6 |  6.9
Maces & Flails | 5 6 7 9 10 | 10.1

Action                   |  1- 3 |  4- 6 |  7- 9 || total
-------------------------+-------+-------+-------++-------
Melee: Mace              |   103 |   187 |       ||   290
       Whip              |       |       |   248 ||   248
       Kick              |       |       |     8 ||     8
Invok: Berserk           |       |     2 |     1 ||     3
       Trog's Hand       |       |       |     5 ||     5
  Use: Scroll            |       |    11 |     5 ||    16
       Potion            |       |       |     3 ||     3
 Stab: Distracted        |       |     1 |       ||     1
       Sleeping          |       |     1 |       ||     1
  Eat: Chunk             |       |     9 |    11 ||    20
Armor: Animal skin       |    41 |    60 |    50 ||   151
Dodge: Dodged            |    56 |    88 |    92 ||   236
Block: Other             |       |       |    11 ||    11
